 Dungeon Crawl Stone Soup version 0.20-a0-256-gabb291d (webtiles) character file.

1793459 Charly the Wrestler (level 27, 252/252 HPs)
             Began as a Naga Transmuter on Nov 29, 2016.
             Was a High Priest of Cheibriados.
             Escaped with the Orb
             ... and 3 runes on Dec 1, 2016!
             The game lasted 05:14:09 (68527 turns).

Charly the Wrestler (Naga Transmuter)              Turns: 68527, Time: 05:14:10

Health: 252/252    AC: 51    Str: 39    XL:     27
Magic:  44/44      EV: 21    Int: 31    God:    Cheibriados [*****.]
Gold:   1148       SH:  3    Dex: 32    Spells: 16/61 levels left

rFire  + + .     SeeInvis +       - Unarmed
rCold  . . .     Gourm    .     s - +8 fire dragon scales
rNeg   + . .     Faith    .     (no shield)
rPois  +         Spirit   .     (helmet restricted)
rElec  .         Reflect  +     j - +1 cloak {MR+}
rCorr  .         Harm     .     a - +2 pair of gloves
MR     +++++     Clarity  +     o - +2 naga barding
Stlth  +......... NoTele   +    t - amulet "Guelorodd" {Reflect rN+ Dex+4 SH+3}
                                d - ring of Robustness {AC+8}
                                c - ring of Satisfaction {-Tele rC+ Str+8 Int-3 Stlth+}

@: repel missiles, very slow
A: antennae 1, see invisible, clarity, deformed body, magic resistance 1, poison
resistance, screaming 1, slowness 2, slow metabolism 1, spit poison 2, constrict
1, AC +9
0: Orb of Zot
}: 3/15 runes: decaying, silver, gossamer
a: Breathe Poison Gas, Bend Time, Temporal Distortion, Slouch, Step From Time,
Renounce Religion


You escaped.
You worshipped Cheibriados.
Cheibriados was extremely pleased with you.
You were not hungry.

You visited 9 branches of the dungeon, and saw 49 of its levels.
You visited the Abyss 1 time.
You also visited: Labyrinth, Sewer and Ice Cave.

You collected 7944 gold pieces.
You spent 6796 gold pieces at shops.

Inventory:

Missiles
 G - 1646 arrows
 V - 8 throwing nets (quivered)
Armour
 a - a +2 pair of gloves (worn)
 j - a +1 cloak of magic resistance (worn)
 o - a +2 naga barding (worn)
 s - +8 fire dragon scales (worn)
 u - a +2 helmet
Magical Staves
 W - an uncursed staff of wizardry
Jewellery
 c - the ring of Satisfaction (left hand) {-Tele rC+ Str+8 Int-3 Stlth+}
   (You took it off a deep elf death mage on level 3 of the Elven Halls)

   [ring of protection from cold]

   It affects your strength (+8).
   It affects your intelligence (-3).
   It protects you from cold.
   It prevents most forms of teleportation.
   It makes you more stealthy.
 d - the ring of Robustness (right hand) {AC+8}
   (You took it off a vault warden on level 5 of the Vaults)

   [ring of protection]

   It affects your AC (+8).
 f - the ring of Qeoduvyi {Wiz rF+}
   (You bought it in a shop on level 1 of the Depths)

   [ring of wizardry]

   It improves your spell success rate.
   It protects you from fire.
 m - an uncursed ring of protection from magic
 n - the ring "Esomot" {rN+ Dex+4 Stlth+}
   (You bought it in a shop on level 13 of the Dungeon)

   [ring of stealth]

   It affects your dexterity (+4).
   It protects you from negative energy.
   It makes you more stealthy.
 r - the ring "Huast" {*Drain +Inv Dex+9 Stlth+}
   (You bought it in a shop on level 13 of the Dungeon)

   [ring of stealth]

   It affects your dexterity (+9).
   It lets you turn invisible.
   It causes draining when unequipped.
   It makes you more stealthy.
 t - the amulet "Guelorodd" (around neck) {Reflect rN+ Dex+4 SH+3}
   (You took it off an ogre mage on level 5 of the Vaults)

   [amulet of reflection]

   It shields you and reflects attacks.
   It affects your dexterity (+4).
   It protects you from negative energy.
   It affects your SH (+3).
Wands
 b - a wand of teleportation (3/9)
 i - a wand of digging (14/24)
 p - a wand of disintegration (2/24)
 w - a wand of disintegration (6/24)
 D - a wand of teleportation (4/9)
 H - a wand of disintegration (14/24)
 I - a wand of teleportation (4/9)
 N - a wand of disintegration (18/24)
Scrolls
 e - 9 scrolls of immolation
 g - 24 scrolls of remove curse
 k - a scroll of magic mapping
 l - 20 scrolls of teleportation
 v - 8 scrolls of recharging
 y - 2 scrolls of identify
 E - 7 scrolls of fog
 K - 2 scrolls of amnesia
 R - 12 scrolls of blinking
 T - 4 scrolls of holy word
 Z - 4 scrolls of fear
Potions
 q - 10 potions of cancellation
 x - 5 potions of cure mutation
 z - 4 potions of flight
 A - 8 potions of magic
 B - 6 potions of agility
 C - 5 potions of might
 J - 2 potions of resistance
 M - 30 potions of curing
 O - 4 potions of heal wounds
 P - 2 potions of ambrosia
 S - 2 potions of brilliance
Miscellaneous
 L - 3 phantom mirrors
 X - 3 sacks of spiders
Comestibles
 h - 14 meat rations
 F - 29 bread rations


   Skills:
 - Level 15.8 Fighting
 * Level 18.0 Armour
 - Level 13.4 Dodging
 - Level 25.4 Unarmed Combat
 + Level 17.7 Spellcasting
 * Level 19.3 Necromancy
 - Level 12.1 Translocations
 - Level 13.2 Transmutations
 - Level 9.5 Earth Magic
   Level 5.0 Poison Magic
 - Level 13.8 Invocations
 - Level 10.7 Evocations


You had 16 spell levels left.
You knew the following spells:

 Your Spells              Type           Power        Failure   Level  Hunger
c - Confusing Touch       Hex            ####..       2%          1    None
h - Blade Hands           Tmut           #######...   1%          5    None
r - Repel Missiles        Chrm/Air       ####..       4%          2    None
s - Sticks to Snakes      Tmut           #######.     0%          2    None
A - Aura of Abjuration    Summ           ####......   77%         5    None
C - Controlled Blink      Tloc           N/A          90%         8    #####..
D - Dispersal             Tloc           #######...   2%          6    None
P - Passwall              Tmut/Erth      #######...   1%          2    None
R - Borgnjor's Revivific  Necr           #######...   8%          8    #####..
S - Statue Form           Tmut/Erth      #######..    3%          6    None


Dungeon Overview and Level Annotations

Branches:
Dungeon (15/15)            Temple (0/1) D:7            Lair (6/6) D:8
  Swamp (4/4) Lair:4       Spider (4/4) Lair:4        Slime (0/5) Lair:5
    Orc (2/2) D:9             Elf (3/3) Orc:2        Vaults (5/5) D:14
  Crypt (0/3) Vaults:3     Depths (5/5) D:15            Zot (5/5) Depths:5

Altars:
Cheibriados
Fedhas
Nemelex Xobeh
Okawaru
Qazlal
Ru
Sif Muna
Trog
Vehumet
Zin
Beogh

Shops:
D:2 *   D:13 [%=%[   Orc:2 *(?   Elf:1 :   Elf:3 !   Vaults:4 (:[%
Depths:1 ==}

Portals:
Hell: Depths:1 Depths:2 Depths:3 Depths:4 Depths:5
Abyss: Depths:3 Depths:4
Pandemonium: Depths:3 Depths:5
Ziggurat: Depths:4

Annotations:
D:7 exclusion: 3 downstairs
Lair:5 exclusion: 2 downstairs


Innate Abilities, Weirdness & Mutations

You cannot wear boots.
Your serpentine skin is tough. (AC +9)
You have supernaturally acute eyesight. (SInv)
Armour fits poorly on your strangely shaped body.
Your system is resistant to poisons. (rPois)
You cover ground very slowly.
You have a slow metabolism.
You can exhale a cloud of poison.
You can use your snake-like lower body to constrict enemies.
You have a pair of small antennae on your head.
You possess an exceptional clarity of mind.
You are resistant to hostile enchantments. (MR+)
You occasionally shout uncontrollably at your foes.


Message History

(Z) Zot
Where to? (Enter - D:1 @ (x,y), ? - help)
A rust devil comes into view.
The rust devil closely misses you. The rust devil hits you.
The rust devil corrodes you! The rust devil closely misses you.
You pummel the rust devil!! Your grab misses the rust devil.
You punch the rust devil!
You kill the rust devil!
Cheibriados thoroughly appreciates the change of pace.
No target in view!
No target in view!
(D) Dungeon (T) Temple (L) Lair (S) Swamp (N) Spider Nest (M) Slime Pits (O) Orcish Mines (E) Elven Halls (V) Vaults (C) Crypt (U) Depths (H) Hell (Z) Zot
Where to? (Enter - D:1 @ (x,y), ? - help)
You are no longer corroded.
There is an open door here.
There is a staircase leading out of the dungeon here.
You have escaped!

###'###.............
#.....#####.........
#.....# ##########
#.....# #.###.#
#.#.#.# #.###.#
#.....# #..@..#
#.....# #######


There were no monsters in sight!

Vanquished Creatures
  6 orbs of fire
  8 ancient liches
  Mennas (Vaults:4)
  3 pandemonium lords
  3 juggernauts
  Boris (Depths:5)
  Bai Suzhen (Vaults:4)
  the Lernaean hydra (Swamp:4)
  Saint Roka (Depths:4)
  7 Killer Klowns
  Frederick (Depths:5)
  Margery (Depths:5)
  Xtahua (Vaults:2)
  A caustic shrike (shapeshifter) (Depths:2)
  19 golden dragons
  2 curse toes (Zot:3)
  4 caustic shrikes
  Arachne (Spider:3)
  2 bone dragons (Abyss:5)
  The ghost of stickyfingers the Brawler, an adept TrEE of Okawaru (Elf:3)
  6 liches
  2 electric golems (Zot:5)
  An Ice Fiend (IceCv)
  13 tentacled monstrosities
  26 Orb Guardians
  Asterion (Depths:2)
  A Hell Sentinel (D:3)
  3 deep elf blademasters
  6 titans
  10 quicksilver dragons
  A deep elf master archer (Elf:3)
  Frances (D:14)
  3 sphinxes
  4 tengu reavers
  11 death cobs
  3 tentacled starspawn (Abyss:5)
  11 shadow dragons
  Donald (Swamp:1)
  A storm dragon (shapeshifter) (Depths:2)
  15 draconian monks
  15 storm dragons
  4 thorn hunters
  Roxanne (Swamp:1)
  7 draconian knights
  11 fire giants
  An emperor scorpion (shapeshifter) (Depths:2)
  10 frost giants
  25 vault wardens
  9 ghost moths
  3 deep elf sorcerers (Elf:3)
  7 draconian scorchers
  6 deep elf elementalists (Elf:3)
  A caustic shrike zombie (Depths:1)
  8 draconian shifters
  An iron dragon (Depths:4)
  5 draconian stormcallers
  10 draconian annihilators
  2 spriggan defenders (Depths:5)
  10 emperor scorpions
  4 war gargoyles
  A juggernaut skeleton (Depths:3)
  13 ironheart preservers
  5 entropy weavers
  23 stone giants
  10 very ugly things
  12 green draconians
  18 black draconians
  3 deep elf demonologists
  20 yellow draconians
  6 deep elf annihilators
  17 red draconians
  14 purple draconians
  23 white draconians
  4 spark wasps (Depths:4)
  9 deep elf death magi
  14 crystal guardians (Depths:2)
  7 fire dragons
  3 blizzard demons
  25 ettins
  2 merfolk impalers
  A minotaur (Lab)
  Josephine (Orc:1)
  6 rakshasas
  9 deep elf high priests
  10 great orbs of eyes
  23 yaktaur captains
  26 vault guards
  4 ghost crabs
  9 ice dragons
  Harold (D:11)
  A juggernaut simulacrum (Depths:3)
  5 spriggan air magi
  22 hydras
  A hell beast (D:4)
  10 alligators
  4 death knights
  11 centaur warriors
  A catoblepas (Lair:4)
  A catoblepas (shapeshifter) (Vaults:5)
  An anaconda (shapeshifter) (Depths:2)
  An alligator (shapeshifter) (Vaults:2)
  10 deep troll shamans
  24 ogre magi
  5 tengu warriors
  Erica (D:8)
  6 thrashing horrors (Abyss:5)
  7 death yaks
  A hell hog (shapeshifter) (Depths:2)
  5 spriggan berserkers
  37 dancing weapons
  6 deep troll earth magi
  A vampire mage (Depths:1)
  9 hell knights
  27 deep elf knights
  2 orc high priests
  A sun demon (D:10)
  8 skeletal warriors
  6 iron trolls (Depths:3)
  A spatial maelstrom (Abyss:5)
  2 shadow wraiths
  10 unseen horrors
  A death drake (shapeshifter) (Depths:2)
  A spriggan druid (Swamp:3)
  10 glowing orange brains
  25 deep trolls
  15 hill giants
  12 starcursed masses
  11 orc knights
  An unseen horror (shapeshifter) (Vaults:3)
  2 flayed ghosts
  22 deep elf archers
  9 swamp dragons
  14 harpies
  15 ironbrand convokers
  7 necromancers
  A lindwurm (shapeshifter) (Depths:2)
  4 shambling mangroves
  5 phantasmal warriors
  An orb spider (shapeshifter) (Elf:1)
  4 obsidian statues (Depths:2)
  A shadow dragon zombie (Vaults:3)
  4 wizards
  A sphinx zombie (Depths:1)
  15 orb spiders
  9 cyclopes
  A cyclops (shapeshifter) (Depths:2)
  A wolf spider (shapeshifter) (Depths:2)
  32 moths of wrath
  88 deep elf magi
  26 ugly things
  5 orc sorcerers
  36 wolf spiders
  An elephant (shapeshifter) (Depths:2)
  A salamander (shapeshifter) (Vaults:3)
  2 manticores
  Maurice (Orc:1)
  A moth of wrath (shapeshifter) (Depths:2)
  2 rust devils
  4 black mambas
  A guardian serpent (shapeshifter) (Vaults:3)
  A frost giant skeleton (Depths:3)
  3 centaur zombies
  A torpor snail (shapeshifter) (Vaults:2)
  Psyche (D:10)
  3 human skeletons (Vaults:2)
  28 spiny frogs
  2 torpor snails
  A storm dragon simulacrum (Depths:3)
  14 vault sentinels
  4 ice statues (IceCv)
  2 smoke demons
  Joseph (Lair:1)
  4 molten gargoyles (Depths:2)
  89 yaktaurs
  5 gargoyles
  An orc skeleton (Vaults:3)
  21 komodo dragons
  A yaktaur (shapeshifter) (Vaults:3)
  2 rime drakes
  A human zombie (Vaults:3)
  A komodo dragon (shapeshifter) (Vaults:3)
  6 ice devils (IceCv)
  15 demonic crawlers
  7 freezing wraiths
  2 efreet (D:15)
  2 tengu conjurers
  2 ancient zymes (Abyss:5)
  A golden dragon simulacrum (IceCv)
  A queen bee (Lair:1)
  13 trolls
  A merfolk (shapeshifter) (Depths:2)
  A wind drake (Depths:2)
  9 meliai
  52 two-headed ogres
  10 tyrant leeches
  A two-headed ogre (shapeshifter) (Depths:2)
  33 jumping spiders
  2 wind drakes (shapeshifter)
  19 blink frogs
  13 hornets
  4 dream sheep
  A hippogriff (shapeshifter) (Depths:1)
  36 slime creatures
  9 hippogriffs
  18 bog bodies
  2 fire giant simulacra
  6 shadows
  A snapping turtle (shapeshifter) (Depths:2)
  3 ynoxinuls
  9 wraiths
  A centaur simulacrum (D:15)
  84 redbacks
  8 spriggans
  13 air elementals
  2 vampires (D:14)
  An elf zombie (Depths:1)
  7 wyverns
  A dire elephant simulacrum (IceCv)
  25 water elementals
  Grum (D:8)
  27 tarantellas
  7 fire elementals
  A fire bat (shapeshifter) (Vaults:5)
  16 humans (D:14)
  34 vampire mosquitoes
  A yak (shapeshifter) (Elf:2)
  10 yaks
  A steam dragon (D:8)
  A hungry ghost (Lab)
  7 basilisks
  A human simulacrum (Vaults:3)
  5 chaos spawn
  2 neqoxecs
  2 harpy simulacra (IceCv)
  17 insubstantial wisps
  29 swamp worms
  A swamp worm (shapeshifter) (Vaults:5)
  5 acid dragons
  3 hydra simulacra (IceCv)
  A soldier ant (shapeshifter) (Vaults:3)
  13 wargs
  An iron troll simulacrum (IceCv)
  12 water moccasins
  A soldier ant (D:14)
  Duvessa (D:5)
  10 large abominations
  A floating eye (shapeshifter) (Depths:2)
  A floating eye (Depths:5)
  7 porcupines
  40 orc warriors
  2 ice beasts
  14 swamp drakes
  3 black bears
  A hornet zombie (D:13)
  7 sky beasts
  A necrophage (D:10)
  4 phantoms
  2 ettin simulacra (IceCv)
  An eye of draining (D:14)
  12 boggarts
  A tengu (shapeshifter) (D:15)
  An elf skeleton (Vaults:2)
  106 ogres
  5 wolves
  9 centaurs
  Blork the orc (D:4)
  8 crocodiles
  2 big kobolds (shapeshifter) (Depths:2)
  2 big kobolds
  33 bullfrogs
  A gnoll sergeant (D:8)
  Dowan (D:5)
  13 earth elementals
  5 scorpions
  6 small abominations
  A killer bee (shapeshifter) (Depths:2)
  An elf simulacrum (Vaults:2)
  39 killer bees
  14 wights
  10 electric eels
  3 howler monkeys
  14 crimson imps
  16 jellies
  A bullfrog zombie (D:7)
  7 centaur skeletons
  9 hounds
  17 orc priests
  2 bullfrog skeletons
  24 orc wizards
  6 iguanas
  18 worker ants
  7 hell rats
  A hound zombie (D:7)
  2 hound skeletons (D:10)
  9 gnolls
  2 howler monkey skeletons
  14 adders
  9 river rats (Lair:3)
  5 shadow imps
  2 white imps (D:9)
  3 oozes
  An adder zombie (D:6)
  A worm (D:2)
  3 ball lightnings (Depths:2)
  7 dart slugs
  8 leopard geckos
  128 orcs
  7 giant cockroaches
  4 goblins
  6 hobgoblins
  15 jackals
  16 kobolds
  7 quokkas
  5 bats
  7 frilled lizards
  A quokka skeleton (D:4)
  9 rats
  A briar patch (Swamp:3)
  2 crawling corpses (Vaults:5)
  5 fungi
  4 starspawn tentacles (Abyss:5)
2843 creatures vanquished.

Vanquished Creatures (collateral kills)
  A hydra (Lair:6)
  A vault sentinel (Vaults:5)
  2 spiny frogs
  A basilisk (Lair:6)
  A water moccasin (D:7)
  An adder (D:3)
  A giant cockroach (D:3)
  A kobold (D:1)
9 creatures vanquished.

Vanquished Creatures (others)
  A deep elf sorcerer (Elf:3)
  A ghost moth (Zot:5)
  A deep elf demonologist (Elf:3)
  2 vault guards (Vaults:5)
  A deep elf knight (Elf:1)
  A deep elf archer (Elf:3)
  A deep elf mage (Elf:1)
  2 moths of wrath (Zot:5)
  A yaktaur (Vaults:5)
  A slime creature (Swamp:2)
  5 air elementals (Depths:2)
  A water elemental (Depths:2)
  A fire elemental (Depths:2)
  2 insubstantial wisps (Depths:2)
  A naga (shapeshifter) (Depths:2)
  A boggart (Depths:4)
  10 ball lightnings (Depths:2)
  2 orcs
  32 fungi
  48 plants
  3 starspawn tentacles (Abyss:5)
118 creatures vanquished.

Grand Total: 2970 creatures vanquished

Notes
Turn   | Place    | Note
-------+----------+-------------------------------------------
     0 | D:1      | Charly the Naga Transmuter began the quest for the Orb.
     0 | D:1      | Reached XP level 1. HP: 18/18 MP: 3/3
   197 | D:1      | Reached XP level 2. HP: 23/25 MP: 5/5
   255 | D:1      | Learned a level 2 spell: Sticks to Snakes
   594 | D:1      | Reached XP level 3. HP: 31/31 MP: 6/6
   599 | D:1      | Learned a level 3 spell: Spider Form
   798 | D:1      | Reached skill level 4 in Unarmed Combat
  1094 | D:2      | Found Zin's Purification Station.
  1099 | D:2      | Found a glowing silver altar of Zin.
  1282 | D:2      | Reached XP level 4. HP: 38/38 MP: 7/7
  2282 | D:3      | Found a glowing drain.
  2306 | Sewer    | Entered a sewer
  2404 | Sewer    | Noticed a crocodile
  2411 | Sewer    | Killed a crocodile
  2411 | Sewer    | Reached skill level 5 in Unarmed Combat
  2411 | Sewer    | Reached skill level 1 in Poison Magic
  2411 | Sewer    | Reached XP level 5. HP: 44/44 MP: 8/8
  2552 | D:3      | You fall through a shaft for 3 floors!
  2613 | D:5      | Entered Level 5 of the Dungeon
  2620 | D:5      | Reached XP level 6. HP: 51/51 MP: 9/9
  2655 | D:5      | Found a snail-covered altar of Cheibriados.
  2665 | D:5      | Noticed Dowan
  2817 | D:6      | Identified a +0 rod of clouds (10/10) (You found it on level 6 of the Dungeon)
  2963 | D:5      | Found an iron altar of Okawaru.
  3187 | D:4      | Reached skill level 6 in Unarmed Combat
  3208 | D:4      | Reached XP level 7. HP: 50/57 MP: 10/10
  3293 | D:4      | Learned a level 2 spell: Repel Missiles
  3481 | D:3      | Found a sparkling altar of Nemelex Xobeh.
  4141 | D:4      | Noticed Blork the orc
  4214 | D:4      | Killed Blork the orc
  4399 | D:4      | Reached skill level 7 in Unarmed Combat
  4855 | D:4      | Reached XP level 8. HP: 64/64 MP: 11/11
  5037 | D:4      | Found a deep blue altar of Sif Muna.
  5295 | D:5      | Reached skill level 5 in Transmutations
  5295 | D:5      | Reached skill level 5 in Poison Magic
  5420 | D:5      | Noticed Duvessa
  5434 | D:5      | Killed Duvessa
  5452 | D:5      | Killed Dowan
  5452 | D:5      | Reached skill level 8 in Unarmed Combat
  5580 | D:5      | Became a worshipper of Cheibriados the Contemplative
  5858 | D:6      | Found a sacrificial altar of Ru.
  6265 | D:7      | Reached XP level 9. HP: 78/78 MP: 12/12
  6533 | D:7      | Found a staircase to the Ecumenical Temple.
  6546 | D:7      | Learned a level 1 spell: Confusing Touch
  6608 | D:7      | Reached skill level 9 in Unarmed Combat
  6824 | D:7      | Reached * piety under Cheibriados
  7433 | D:7      | Reached skill level 5 in Fighting
  8121 | D:7      | Reached ** piety under Cheibriados
  8167 | D:8      | Found a staircase to the Lair.
  8209 | D:8      | Found a stormy altar of Qazlal.
  8209 | D:8      | Found a blossoming altar of Fedhas.
  8210 | D:8      | Noticed Grum
  8320 | D:8      | Killed Grum
  8811 | D:8      | Noticed Erica
  8821 | D:8      | Reached skill level 10 in Unarmed Combat
  8821 | D:8      | Reached XP level 10. HP: 92/92 MP: 10/13
  8845 | D:7      | Upgraded the game from 0.20-a0-217-g17e8ceb to 0.20-a0-222-gb69ddcd
  8986 | D:8      | Reached *** piety under Cheibriados
  9302 | D:8      | Killed Erica
  9492 | D:9      | Noticed a green ugly thing
  9506 | D:9      | Killed a green ugly thing
  9506 | D:9      | Reached skill level 5 in Dodging
 10156 | D:9      | Reached **** piety under Cheibriados
 10156 | D:9      | Reached skill level 11 in Unarmed Combat
 10440 | D:9      | Found a staircase to the Orcish Mines.
 10461 | D:9      | Reached skill level 1 in Invocations
 10500 | D:9      | Reached XP level 11. HP: 85/103 MP: 10/14
 10651 | D:10     | Entered Level 10 of the Dungeon
 10894 | D:10     | Noticed Psyche
 11214 | Lair:1   | Entered Level 1 of the Lair of Beasts
 11246 | Lair:1   | Reached ***** piety under Cheibriados
 11291 | Lair:1   | Learned a level 5 spell: Blade Hands
 11358 | Lair:1   | Noticed Joseph
 11645 | Lair:1   | Killed Joseph
 11928 | Lair:1   | Reached skill level 12 in Unarmed Combat
 12945 | Lair:2   | Reached XP level 12. HP: 110/110 MP: 13/17
 13362 | Lair:2   | Learned a level 4 spell: Ice Form
 14381 | Lair:3   | Reached skill level 13 in Unarmed Combat
 15342 | Lair:4   | Found a hole to the Spider Nest.
 15546 | Lair:4   | Reached ****** piety under Cheibriados
 15554 | Lair:4   | Noticed a four-headed hydra
 15891 | Lair:4   | Found a staircase to the Swamp.
 16075 | Lair:4   | Noticed a four-headed hydra
 16168 | Lair:4   | Killed a four-headed hydra
 16294 | Lair:4   | Killed a four-headed hydra
 16382 | Lair:4   | Noticed a catoblepas
 16390 | Lair:4   | Killed a catoblepas
 17047 | Lair:5   | Gained mutation: You can use your snake-like lower body to constrict enemies. [Naga growth]
 17047 | Lair:5   | Reached XP level 13. HP: 120/120 MP: 14/19
 17104 | Lair:5   | Reached skill level 14 in Unarmed Combat
 17491 | Lair:5   | Reached skill level 5 in Invocations
 17597 | Lair:5   | Found a staircase to the Slime Pits.
 17900 | Lair:6   | Entered Level 6 of the Lair of Beasts
 18930 | Lair:6   | Reached skill level 15 in Unarmed Combat
 19195 | Lair:6   | Reached skill level 10 in Fighting
 19520 | Lair:6   | Reached XP level 14. HP: 127/132 MP: 14/20
 20608 | D:10     | Found a roughly hewn altar of Beogh.
 21056 | D:10     | Killed Psyche
 21117 | D:10     | Gained mutation: You are resistant to hostile enchantments. (MR+) [mutagenic meat]
 21564 | D:11     | Noticed Harold
 21592 | D:11     | Killed Harold
 22154 | D:12     | Reached skill level 1 in Armour
 22956 | D:13     | Found Zeonkea's Antique Armour Shop.
 23130 | D:13     | Found Vicw's Jewellery Shoppe.
 23137 | D:13     | Found Byumauga's Armour Emporium.
 23159 | D:13     | Upgraded the game from 0.20-a0-222-gb69ddcd to 0.20-a0-251-g16a58bf
 23163 | D:13     | Learned a level 3 spell: Gell's Gravitas
 23166 | D:13     | Bought the ring "Huast" {*Drain +Inv Dex+9 Stlth+} for 627 gold pieces
 23166 | D:13     | Bought the ring "Esomot" {rN+ Dex+4 Stlth+} for 519 gold pieces
 23199 | D:13     | Reached skill level 1 in Evocations
 23384 | D:13     | Found Tiuddent's Food Emporium.
 24129 | D:13     | Found Gideih's Food Shop.
 24196 | D:14     | Found a gate to the Vaults.
 24367 | D:14     | Noticed Frances
 24383 | D:14     | Killed Frances
 24383 | D:14     | Reached XP level 15. HP: 137/140 MP: 16/21
 24570 | D:14     | Reached skill level 5 in Evocations
 25208 | D:14     | Reached skill level 16 in Unarmed Combat
 25873 | D:15     | Entered Level 15 of the Dungeon
 25923 | D:15     | Found a labyrinth entrance.
 25932 | Lab      | Entered a labyrinth
 27122 | D:15     | Reached skill level 5 in Armour
 27129 | D:15     | Reached skill level 5 in Spellcasting
 27517 | D:15     | Found a staircase to the Depths.
 27967 | Orc:1    | Entered Level 1 of the Orcish Mines
 28028 | Orc:1    | Found a roughly hewn altar of Beogh.
 28176 | Orc:1    | Noticed Josephine
 28179 | Orc:1    | Killed Josephine
 28181 | Orc:1    | Reached XP level 16. HP: 148/148 MP: 20/25
 28207 | Orc:1    | Found a bloodstained altar of Trog.
 28273 | Orc:1    | Noticed Maurice
 28281 | Orc:1    | Killed Maurice
 28419 | Orc:2    | Entered Level 2 of the Orcish Mines
 28918 | Orc:2    | Found Onageam's Magic Scroll Boutique.
 28918 | Orc:2    | Found Uruxyoh's Gadget Shoppe.
 28933 | Orc:2    | Found Qategepn's General Store.
 28933 | Orc:2    | Found Uxzoekk's Weapon Shoppe.
 28979 | Orc:2    | Bought a scroll of blinking for 97 gold pieces
 28979 | Orc:2    | Bought a potion of curing for 39 gold pieces
 29200 | Orc:2    | Reached skill level 10 in Invocations
 29555 | Orc:2    | Found a staircase to the Elven Halls.
 29906 | D:13     | Bought the amulet "Kogear" {Spirit rN++} for 665 gold pieces
 29906 | D:13     | Bought an uncursed ring of protection from fire for 350 gold pieces
 30175 | Spider:1 | Entered Level 1 of the Spider Nest
 31464 | Spider:2 | Identified Sif Muna's Disquisition on the Shifting Traveller
 31713 | Spider:2 | Reached XP level 17. HP: 157/157 MP: 23/27
 32707 | Spider:3 | Learned a level 8 spell: Controlled Blink
 32746 | Spider:3 | Noticed Arachne
 32762 | Spider:3 | Killed Arachne
 32836 | Spider:3 | Reached skill level 10 in Evocations
 33869 | Spider:4 | Entered Level 4 of the Spider Nest
 34184 | Spider:4 | Reached skill level 10 in Dodging
 35185 | Spider:4 | Reached XP level 18. HP: 149/168 MP: 10/28
 35324 | Spider:4 | Got a gossamer rune of Zot
 35461 | Spider:4 | Reached skill level 17 in Unarmed Combat
 35595 | Spider:4 | Identified a +5 rod of clouds (13/13) (You took it off a minotaur in a labyrinth)
 35788 | Swamp:1  | Entered Level 1 of the Swamp
 35800 | Swamp:1  | Noticed Donald
 35810 | Swamp:1  | Killed Donald
 36240 | Swamp:1  | Noticed Roxanne
 36253 | Swamp:1  | Killed Roxanne
 36254 | Swamp:1  | Identified Roxanne's Tome of the Rocks (You took it off Roxanne on level 1 of the Swamp)
 36279 | Swamp:1  | Learned a level 6 spell: Statue Form
 36292 | Swamp:1  | Learned a level 2 spell: Passwall
 36564 | Swamp:1  | Reached skill level 1 in Earth Magic
 36822 | Swamp:2  | Reached skill level 10 in Transmutations
 38395 | Swamp:3  | Reached skill level 5 in Earth Magic
 39022 | Swamp:4  | Entered Level 4 of the Swamp
 39495 | Swamp:4  | Reached XP level 19. HP: 121/176 MP: 22/31
 39835 | Swamp:4  | Noticed the 27-headed Lernaean hydra
 39848 | Swamp:4  | Killed the 27-headed Lernaean hydra
 39865 | Swamp:4  | Got a decaying rune of Zot
 40062 | Swamp:4  | Noticed a tentacled monstrosity
 40069 | Swamp:4  | Killed a tentacled monstrosity
 40595 | Vaults:1 | Entered Level 1 of the Vaults
 42447 | Vaults:2 | Noticed Xtahua
 42454 | Vaults:2 | Killed Xtahua
 42454 | Vaults:2 | Reached XP level 20. HP: 184/184 MP: 27/33
 42529 | Vaults:2 | Learned a level 5 spell: Lee's Rapid Deconstruction
 42540 | Vaults:2 | Gained mutation: You possess an exceptional clarity of mind. [potion of beneficial mutation]
 42569 | Vaults:2 | Reached skill level 18 in Unarmed Combat
 43719 | Vaults:3 | Reached skill level 19 in Unarmed Combat
 44105 | Vaults:3 | Found a staircase to the Crypt.
 44463 | Vaults:3 | Reached skill level 20 in Unarmed Combat
 44529 | Vaults:3 | Identified the +2 robe "Roqaosoa" {Int+4} (You found it on level 3 of the Vaults)
 44740 | Vaults:3 | Reached XP level 21. HP: 192/192 MP: 27/34
 44829 | Vaults:4 | Noticed Mennas
 45075 | Vaults:4 | Found Xuido's Antique Armour Boutique.
 45081 | Vaults:4 | Bought a glowing helmet for 346 gold pieces
 45103 | Vaults:4 | Found Paguceusai's Weapon Boutique.
 45105 | Vaults:4 | Found Cischit's Book Emporium.
 45348 | Vaults:4 | Killed Mennas
 45423 | Vaults:4 | Noticed Bai Suzhen
 45429 | Vaults:4 | Killed Bai Suzhen
 45439 | Vaults:4 | Found Jetaogoq's Food Shoppe.
 46272 | Vaults:4 | Bought a smoking scale mail for 297 gold pieces
 46283 | Vaults:4 | Identified the +4 scale mail "Qieghav" {Int+2} (You bought it in a shop on level 4 of the Vaults)
 46498 | Depths:1 | Entered Level 1 of the Depths
 47102 | Depths:1 | Found Zehuast's Gadget Shoppe.
 47102 | Depths:1 | Found Adazug's Jewellery Boutique.
 47107 | Depths:1 | Found Faxevupn's Jewellery Boutique.
 47474 | Depths:1 | Reached skill level 21 in Unarmed Combat
 47681 | Depths:1 | Found a gateway to Hell.
 48031 | Depths:2 | Reached XP level 22. HP: 202/202 MP: 32/35
 48177 | Depths:2 | Got a faintly glowing chain mail
 48192 | Depths:1 | Identified the +8 chain mail "Kufobb" {+Blink MR+} (You found it on level 2 of the Depths)
 48344 | Depths:2 | Noticed a caustic shrike
 48344 | Depths:2 | a caustic shrike changed into a shadow dragon
 48344 | Depths:2 | Noticed a caustic shrike
 48344 | Depths:2 | a shadow dragon changed into a caustic shrike
 48351 | Depths:2 | Killed a caustic shrike
 48456 | Depths:2 | Noticed Asterion
 48462 | Depths:2 | Killed Asterion
 48665 | Depths:2 | Got a slimy platinum amulet
 48666 | Depths:2 | Identified the amulet of the Sun {Gourm +Blink rElec Str+4 Slay-5} (You took it off a spriggan air mage on level 2 of the Depths)
 48889 | Depths:2 | Identified the cursed +0 leather armour "Ateprobru" {rElec MR+ Dex-2} (You found it on level 2 of the Depths)
 48965 | Depths:2 | Identified a +5 rod of clouds (12/12) (You found it on level 2 of the Depths)
 49160 | Depths:2 | Identified the Catalogue of Moulding and Snow
 49618 | Depths:3 | Reached skill level 10 in Spellcasting
 50058 | Depths:3 | Reached skill level 22 in Unarmed Combat
 50116 | Depths:3 | Found a one-way gate to the infinite horrors of the Abyss.
 50177 | Depths:3 | Found a one-way gate leading to the halls of Pandemonium.
 50509 | Depths:3 | Reached XP level 23. HP: 214/214 MP: 31/37
 51957 | Depths:4 | Noticed Saint Roka
 51963 | Depths:4 | Killed Saint Roka
 52175 | Depths:4 | Noticed a juggernaut
 52181 | Depths:4 | Noticed a golden dragon
 52184 | Depths:4 | Killed a juggernaut
 52184 | Depths:4 | Reached skill level 15 in Fighting
 52189 | Depths:4 | Killed a golden dragon
 52196 | Depths:4 | Noticed a juggernaut
 52200 | Depths:4 | Killed a juggernaut
 52201 | Depths:4 | Noticed a caustic shrike
 52210 | Depths:4 | Killed a caustic shrike
 52313 | Depths:4 | Found a gateway to a ziggurat.
 52321 | Depths:4 | Reached XP level 24. HP: 225/225 MP: 33/38
 52468 | Depths:4 | Reached skill level 23 in Unarmed Combat
 52560 | Depths:4 | Learned a level 6 spell: Dispersal
 52562 | Depths:5 | Entered Level 5 of the Depths
 52576 | Depths:5 | Reached skill level 1 in Translocations
 52591 | Depths:5 | Paralysed by a floating eye for 4 turns
 52654 | Depths:5 | Noticed Frederick
 52661 | Depths:5 | Killed Frederick
 52802 | Depths:5 | Reached skill level 5 in Translocations
 52878 | Depths:5 | Found a gate to the Realm of Zot.
 52938 | Depths:5 | Noticed Boris
 52953 | Depths:5 | Killed Boris
 52980 | Depths:5 | Noticed a juggernaut
 52986 | Depths:5 | Killed a juggernaut
 53003 | Depths:5 | Noticed Margery
 53011 | Depths:5 | Killed Margery
 53125 | Depths:5 | Noticed a caustic shrike
 53128 | Depths:5 | Noticed a caustic shrike
 53129 | Depths:5 | Noticed a caustic shrike
 53129 | Depths:5 | Killed a caustic shrike
 53132 | Depths:5 | Killed a caustic shrike
 53137 | Depths:5 | Killed a caustic shrike
 53957 | Elf:1    | Entered Level 1 of the Elven Halls
 53975 | Elf:1    | Found a radiant altar of Vehumet.
 54162 | Elf:1    | Found Tamethoj's Book Shoppe.
 54211 | Elf:1    | Reached skill level 10 in Translocations
 54667 | Elf:1    | Identified a -2 rod of inaccuracy (14/14) (You found it on level 1 of the Elven Halls)
 54703 | Elf:2    | Reached XP level 25. HP: 233/233 MP: 36/39
 55114 | Elf:2    | Found a runed gate.
 55114 | Elf:2    | Found a runed gate.
 55115 | Elf:2    | Found a runed gate.
 55585 | Elf:3    | Entered Level 3 of the Elven Halls
 55585 | Elf:3    | Found a frozen archway.
 55664 | Elf:3    | Upgraded the game from 0.20-a0-251-g16a58bf to 0.20-a0-256-gabb291d
 55702 | IceCv    | Entered an ice cave
 55882 | IceCv    | Got a bloodstained plate armour
 55893 | IceCv    | Identified the +5 plate armour "Cecemyu" {rPois rCorr} (You found it in an ice cave)
 56376 | Elf:3    | Found Giunytax's Distillery.
 56385 | Elf:3    | Bought a potion of resistance for 190 gold pieces
 56474 | Elf:3    | Noticed stickyfingers's ghost (adept TrEE)
 56484 | Elf:3    | Killed stickyfingers's ghost
 56749 | Elf:3    | Got a scorched marble ring
 56751 | Elf:3    | Identified the ring of Satisfaction {-Tele rC+ Str+8 Int-3 Stlth+} (You took it off a deep elf death mage on level 3 of the Elven Halls)
 56844 | Elf:3    | Got a steaming chain mail
 56855 | Elf:3    | Identified the cursed +0 chain mail of Pride {rPois rC+++ Str+9 Int-3} (You found it on level 3 of the Elven Halls)
 56900 | Elf:3    | Learned a level 8 spell: Borgnjor's Revivification
 56958 | Elf:3    | Got a twitching emerald amulet
 56963 | Elf:3    | Identified the amulet "Fuphof" {Spirit +Blink} (You took it off a deep elf mage on level 3 of the Elven Halls)
 56972 | Elf:3    | Identified the Compendium of Nocuous Shape Shifting
 56975 | Elf:3    | Identified the Almanac of Good Luck and the Snowflakes
 56986 | Elf:3    | Learned a level 5 spell: Aura of Abjuration
 57325 | Depths:1 | Bought the ring of Qeoduvyi {Wiz rF+} for 880 gold pieces
 57375 | Depths:1 | Reached skill level 10 in Armour
 57634 | Vaults:5 | Entered Level 5 of the Vaults
 57649 | Vaults:5 | Reached skill level 1 in Necromancy
 57679 | Vaults:5 | Noticed an ancient lich
 57681 | Vaults:5 | Reached XP level 26. HP: 244/244 MP: 33/40
 57687 | Vaults:5 | Killed an ancient lich
 57688 | Vaults:5 | Reached skill level 5 in Necromancy
 58202 | Vaults:5 | Noticed an ancient lich
 58211 | Vaults:5 | Killed an ancient lich
 58268 | Vaults:5 | Got a shimmering bone amulet
 58270 | Vaults:5 | Identified the amulet "Guelorodd" {Reflect rN+ Dex+4 SH+3} (You took it off an ogre mage on level 5 of the Vaults)
 58741 | Vaults:5 | Reached skill level 10 in Necromancy
 58798 | Vaults:5 | Identified the cursed +0 crystal plate armour of Insatiable Hunger {-Tele Regen+ Str+4 Int+8} (You took it off a vault warden on level 5 of the Vaults)
 58979 | Vaults:5 | Reached XP level 27. HP: 252/252 MP: 37/41
 59677 | Vaults:5 | Reached skill level 24 in Unarmed Combat
 59703 | Vaults:5 | Got a silver rune of Zot
 59971 | Vaults:4 | Bought glowing fire dragon scales for 2178 gold pieces
 60501 | Elf:3    | Bought a potion of heal wounds for 95 gold pieces
 60501 | Elf:3    | Bought a potion of agility for 76 gold pieces
 60501 | Elf:3    | Bought a potion of might for 76 gold pieces
 60501 | Elf:3    | Bought a potion of magic for 152 gold pieces
 60501 | Elf:3    | Bought a potion of curing for 57 gold pieces
 60501 | Elf:3    | Bought a potion of cancellation for 152 gold pieces
 60920 | Zot:1    | Entered Level 1 of the Realm of Zot
 60928 | Zot:1    | Noticed an orb of fire
 61124 | Zot:1    | Killed an orb of fire
 61125 | Zot:1    | Reached skill level 25 in Unarmed Combat
 62141 | Zot:2    | Reached skill level 15 in Spellcasting
 62190 | Zot:2    | Identified the Volume of Assistive Arcane Weapons
 64774 | Zot:4    | Cast into level 5 of the Abyss (the power of Zot)
 64774 | Abyss:5  | Entered Level 5 of the Abyss
 64881 | Abyss:5  | Found a basalt altar of Yredelemnul.
 64893 | Abyss:5  | Reached skill level 15 in Necromancy
 64946 | Abyss:5  | Paralysed by accursed screaming for 1 turns
 64952 | Abyss:5  | Paralysed by accursed screaming for 1 turns
 64959 | Zot:4    | Escaped the Abyss
 64994 | Zot:4    | Reached skill level 15 in Armour
 65367 | Zot:5    | Entered Level 5 of the Realm of Zot
 65808 | Zot:5    | Noticed an ancient lich
 65811 | Zot:5    | Noticed an ancient lich
 65814 | Zot:5    | Killed an ancient lich
 65818 | Zot:5    | Killed an ancient lich
 66034 | Zot:5    | Noticed an ancient lich
 66037 | Zot:5    | Killed an ancient lich
 66039 | Zot:5    | Noticed an ancient lich
 66048 | Zot:5    | Killed an ancient lich
 66394 | Zot:5    | Noticed an ancient lich
 66537 | Zot:5    | Noticed an orb of fire
 66544 | Zot:5    | Killed an orb of fire
 66597 | Zot:5    | Noticed an orb of fire
 66608 | Zot:5    | Killed an orb of fire
 66974 | Zot:5    | Killed an ancient lich
 67250 | Zot:5    | Noticed an orb of fire
 67256 | Zot:5    | Gained mutation: You occasionally shout uncontrollably at your foes. [an orb of fire]
 67259 | Zot:5    | Killed an orb of fire
 67451 | Zot:5    | Noticed an orb of fire
 67462 | Zot:5    | Gained mutation: You can exhale a cloud of poison. [an orb of fire]
 67463 | Zot:5    | Gained mutation: You have a pair of small antennae on your head. [an orb of fire]
 67474 | Zot:5    | Killed an orb of fire
 67534 | Zot:5    | Noticed an ancient lich
 67539 | Zot:5    | Killed an ancient lich
 67845 | Zot:5    | Noticed an orb of fire
 67855 | Zot:5    | Killed an orb of fire
 67916 | Zot:5    | Got the Orb of Zot
 68213 | D:10     | Noticed Yhuqo the pandemonium lord
 68216 | D:10     | Killed Yhuqo the pandemonium lord
 68266 | D:8      | Noticed Zona the pandemonium lord
 68277 | D:8      | Killed Zona the pandemonium lord
 68403 | D:3      | Noticed Evum the pandemonium lord
 68408 | D:3      | Killed Evum the pandemonium lord
 68527 | D:$      | Escaped with the Orb!

Vault maps used:
D:1:      nicolae_arrival_memento_mori, minmay_misc_feat_room,
          minmay_pentomino_r2
D:2:      zin_purify
D:3:      lemuel_doored_altar, gup_sewer_entry_glass
D:4:      led_sif_pool, uniq_blork_the_orc
D:5:      nicolae_overflow_crystal_walls, okawaru_gym_becter, first_bread,
          uniq_duvessa
D:6:      nicolae_ru_the_path_less_chosen
D:7:      minmay_bent
D:8:      grunt_temple_overflow_forces_of_nature, lair_entry_dummy, uniq_erica,
          uniq_grum
D:9:      kennysheep_big_flooded_room, the_bakery, minmay_nine_imps
D:10:     special_room, uniq_psyche
D:11:     uniq_harold
D:13:     serial_shops, nicolae_shop_trees, nicolae_shop_trees,
          nicolae_shop_trees, shop, shop
D:14:     david_vaults_3, minmay_staircase_windowed_large, water_boxes_lemuel,
          uniq_frances
D:15:     hangedman_depths_entry_civil_slaughter, minivault_19,
          lab_entry_generic, grunt_ministairs_14, kennysheep_pointless_box
Lair:1:   uniq_joseph
Lair:2:   infiniplex_staircase_pool_2, grunt_megastairs_4, lemuel_fruit_tree
Lair:3:   kennysheep_rathole
Lair:4:   nicolae_swamp_entry_splash_gauntlet, spider_nest_entry_webs
Lair:5:   minmay_slime_entry_jelly_boxes
Lair:6:   minmay_lair_end_frog_pond, lemuel_fruit_fields
Swamp:1:  evilmike_swamp_ruin_house_6, infiniplex_staircase_pool, uniq_roxanne,
          uniq_donald
Swamp:2:  evilmike_swamp_ruin_rubble_2
Swamp:3:  hangedman_swamp_cone, swamp_pool1
Swamp:4:  grunt_swamp_rune_castle
Spider:3: uniq_arachne
Spider:4: grunt_spider_rune_circles, spider_trap, nicolae_spider_cling_ruins
Orc:1:    basic_altar, statue_in_the_mist_lemuel, trog_butcher_becter,
          uniq_maurice, uniq_josephine
Orc:2:    st_orc_ogre_mass
Elf:1:    eino_elf_arrival_altar, serial_shops, shop,
          kennysheep_underground_church
Elf:3:    minmay_elf_hall_dome, portal_ice_cave_entry_pillars_1, serial_shops,
          shop, hangedman_decor_cross_pass
Vaults:1: hangedman_vaults_locks, vaults_dpeg_doors,
          hangedman_vaults_corner_blocks, vaults_mumra_hex, vaults_dpeg_ring
Vaults:2: nicolae_vaults_circle_grid_a, nicolae_vaults_alarming,
          grunt_vaults_bifocal, vaults_standard_mumra_x, vaults_room_fours,
          ontoclasm_vaults_loading_screen, nicolae_vaults_network_barrier,
          ontoclasm_vaults_ring_small, v_misc_27,
          nicolae_vaults_little_squares_6, nicolae_vaults_mini_display_case,
          uniq_xtahua
Vaults:3: v_misc_5, v_pattern_2, v_misc_18, nicolae_vaults_circle_grid_a,
          st_cells, nicolae_vaults_network_periphery, nicolae_vaults_big_ls,
          minmay_crypt_entry_nasty_monster, ontoclasm_vaults_pinch,
          ontoclasm_vaults_chip, ontoclasm_vaults_loading_screen,
          ontoclasm_vaults_decontamination, vaults_room_stairs_pillars
Vaults:4: hangedman_vaults_snaps, vaults_room_stairs_pillars,
          nicolae_vaults_rhombus_5, ontoclasm_vaults_ring_small,
          v_alt_pattern_6, nicolae_vaults_gold_heap,
          nicolae_vaults_windows_and_doors_thing, serial_shops, shop, shop,
          shop, shop, uniq_bai_suzhen, uniq_mennas
Vaults:5: serial_shops
Depths:1: corexii_hall_statues_x, grunt_hell_entry_dis_old,
          corexii_leaking_fountain, grunt_decor_fettered,
          kennysheep_generic_room_12, minmay_shop_grove, serial_bayou_shore_b
Depths:2: radiant_caverns_a_rkd, hell_entry, uniq_asterion
Depths:3: lemuel_troll_bridge, pan_entry, minmay_room_of_horrors, hell_entry,
          infiniplex_staircase_zigzag_2
Depths:4: lemuel_traditional_vault, enter_ziggurat_c, abyss_entry,
          pf_hell_entry_great_geh, hangedman_abyss_or_decor_jellyfish_corner,
          serial_sigils_hangedman_gnaw, uniq_saint_roka
Depths:5: grunt_crosshair, pan_entry, pf_coc_iceberg, kennysheep_random_hallway,
          uniq_margery, uniq_frederick, uniq_boris
Zot:1:    st_stairs_11
Zot:3:    kennysheep_six_static_rooms
Abyss:5:  hangedman_abyss_batty_box, doesnt_abyss_rune_brain_food
Lab:      nicolae_lab_plus
Sewer:    sewer_the_crocodile
IceCv:    ice_cave_tombish

Skill      XL: |  1  2  3  4  5  6  7  8  9 10 11 12 13 14 15 16 17 18 19 20 21 22 23 24 25 26 27 |
---------------+----------------------------------------------------------------------------------+-----
Unarmed Combat | 4 5 6 7 8 10 11 12 13 15 16 17 20 21 22 23 25 | 25.4
Transmutations | 3 4 5 6 7 9 11 13 | 13.2
Poison Magic   | 1 2 3 4 5 |  5.0
Fighting       | 4 6 8 10 11 12 13 14 15 | 15.8
Dodging        | 4 5 6 7 8 9 10 11 12 13 | 13.4
Invocations    | 1 4 7 8 9 11 12 13 | 13.8
Spellcasting   | 3 4 6 8 9 10 11 12 13 14 17 | 17.7
Armour         | 3 5 6 8 9 10 11 18 | 18.0
Evocations     | 4 7 9 10 | 10.7
Earth Magic    | 6 9 |  9.5
Translocations | 10 12 | 12.1
Necromancy     | 4 10 19 | 19.3

Action                   |  1- 3 |  4- 6 |  7- 9 | 10-12 | 13-15 | 16-18 | 19-21 | 22-24 | 25-27 || total
-------------------------+-------+-------+-------+-------+-------+-------+-------+-------+-------++-------
Melee: Unarmed           |    35 |    86 |   262 |   482 |   703 |   975 |   942 |   812 |  1587 ||  5884
       Punch             |       |     1 |     5 |    25 |    86 |   149 |   148 |   141 |   298 ||   853
       Constrict         |       |       |       |       |   139 |   231 |   182 |   134 |   320 ||  1006
Throw: Stone             |    16 |    12 |       |       |       |       |       |       |       ||    28
       Tomahawk          |       |     7 |    93 |    19 |     3 |       |       |       |       ||   122
       Throwing net      |       |       |     3 |     2 |       |     3 |       |       |       ||     8
       Javelin           |       |       |       |       |     6 |    51 |       |       |       ||    57
 Cast: Sticks to Snakes  |     5 |     4 |    16 |     5 |     6 |       |       |       |     1 ||    37
       Spider Form       |     1 |     4 |    32 |    44 |       |       |       |       |       ||    81
       Repel Missiles    |       |       |     6 |     2 |    13 |     3 |    20 |     5 |    27 ||    76
       Blade Hands       |       |       |       |    28 |   142 |    99 |    10 |     2 |    39 ||   320
       Ice Form          |       |       |       |     3 |       |       |       |       |       ||     3
       Confusing Touch   |       |       |       |       |     2 |       |       |       |       ||     2
       Statue Form       |       |       |       |       |       |       |    65 |    60 |    97 ||   222
       Passwall          |       |       |       |       |       |       |       |     1 |       ||     1
Invok: Slouch            |       |       |       |     1 |     2 |     4 |     2 |     5 |     3 ||    17
       Temporal Distorti |       |       |       |       |    25 |    28 |    21 |    25 |    55 ||   154
 Abil: Spit Poison       |    43 |    31 |    32 |    28 |     7 |     6 |       |       |       ||   147
       End Transformatio |       |     2 |     4 |    13 |     9 |    17 |     5 |       |    14 ||    64
       Stop Flying       |       |       |       |       |     2 |       |       |       |       ||     2
       Evoke Flight      |       |       |       |       |     2 |       |       |       |       ||     2
       Evoke Invisibilit |       |       |       |       |       |     4 |     1 |       |       ||     5
       Turn Visible      |       |       |       |       |       |     2 |     1 |       |       ||     3
Evoke: Wand              |       |       |     4 |    27 |    32 |    36 |     4 |     2 |    15 ||   120
       Rod               |       |       |       |       |       |     5 |       |       |     1 ||     6
       Phial of floods   |       |       |       |       |       |       |       |     1 |       ||     1
       Sack of spiders   |       |       |       |       |       |       |       |       |     2 ||     2
  Use: Scroll            |       |     9 |     6 |    16 |    14 |     5 |     7 |     6 |    24 ||    87
       Potion            |       |     1 |     5 |     3 |     1 |       |     4 |     2 |    24 ||    40
 Stab: Distracted        |       |     1 |       |       |       |    10 |    10 |     4 |     6 ||    31
       Held in net/web   |       |       |       |     3 |       |       |       |       |     3 ||     6
       Confused          |       |       |       |       |     2 |     1 |     1 |       |       ||     4
       Sleeping          |       |       |       |       |     7 |     4 |    10 |     4 |     9 ||    34
       Paralysed         |       |       |       |       |       |    10 |       |       |       ||    10
       Invisible         |       |       |       |       |       |    11 |     4 |       |     1 ||    16
       Petrifying        |       |       |       |       |       |       |       |     1 |       ||     1
  Eat: Chunk             |     3 |     7 |    20 |     6 |    28 |    28 |    28 |     9 |     2 ||   131
       Beef jerky        |       |     1 |       |     6 |     2 |     2 |     4 |     1 |     5 ||    21
       Pizza             |       |       |       |     4 |     2 |     1 |       |       |     2 ||     9
       Fruit             |       |       |       |    12 |       |     5 |     2 |     4 |     7 ||    30
       Royal jelly       |       |       |       |       |    15 |       |       |       |     2 ||    17
       Meat ration       |       |       |       |       |     2 |     4 |     2 |     5 |     7 ||    20
       Bread ration      |       |       |       |       |       |       |     1 |       |       ||     1
Armor: Robe              |     7 |    32 |    43 |     4 |       |       |       |       |       ||    86
       Skin              |       |       |    27 |   133 |       |       |   319 |   286 |   508 ||  1273
       Steam dragon scal |       |       |       |    74 |   101 |       |       |       |       ||   175
       Ring mail         |       |       |       |       |    91 |   383 |   105 |    40 |    68 ||   687
       Scale mail        |       |       |       |       |    27 |    33 |       |       |       ||    60
       Fire dragon scale |       |       |       |       |       |       |       |       |   219 ||   219
Dodge: Dodged            |    22 |    32 |   117 |   225 |   401 |   754 |  1229 |   850 |  1649 ||  5279
       Deflected         |       |       |     7 |     2 |    23 |     7 |    61 |    29 |    68 ||   197
Block: Other             |       |     7 |    29 |    62 |    62 |     9 |       |       |   141 ||   310
       Reflection        |       |       |     2 |       |     5 |       |       |       |     5 ||    12
